 Dungeon Crawl Stone Soup version 0.20-a0-672-gd6c3c51 (webtiles) character file.

45609 goregoyle the Grappler (level 14, -4/144 HPs)
             Began as a Troll Fighter on Feb 17, 2017.
             Was the Champion of the Shining One.
             Killed from afar by a battlesphere (7 damage)
             ... created by a tengu reaver
             ... on level 13 of the Dungeon on Feb 18, 2017.
             The game lasted 01:02:41 (15737 turns).

goregoyle the Grappler (Troll Fighter)             Turns: 15737, Time: 01:02:43

Health: -4/144     AC: 11    Str: 34    XL:     14   Next: 1%
Magic:  17/17      EV: 13    Int:  4    God:    the Shining One [******]
Gold:   1106       SH:  3    Dex: 13    Spells: 13/13 levels left

rFire    . . .     SeeInvis .     - Unarmed
rCold    . . .     Gourm    +   J - +0 troll leather armour
rNeg     + + +     Faith    .   (no shield)
rPois    .         Spirit   .   U - +1 hat {MR+}
rElec    .         Reflect  +   Q - +1 cloak
rCorr    .         Harm     .   (gloves unavailable)
MR       ++...                  (boots unavailable)
Stlth    +.........             n - +3 amulet of reflection
Regen    1.2/turn               z - +4 ring of dexterity
MPRegen  0.2/turn               r - +3 ring of strength

@: lethally poisoned (-4 -> -5), glowing
A: unfitting armour, claws 3, fast metabolism 3, gourmand, regeneration 1,
shaggy fur 1, tough skin 2
a: Divine Shield, Cleansing Flame, Summon Divine Warrior, Brand Weapon With Holy
Wrath, Renounce Religion


You were on level 13 of the Dungeon.
You worshipped the Shining One.
The Shining One was exalted by your worship.
You were completely stuffed.

You visited 1 branch of the dungeon, and saw 13 of its levels.
You visited the Abyss 1 time.
You also visited: Sewer.

You collected 1106 gold pieces.

Inventory:

Hand Weapons
 q - a +3 giant spiked club
 H - a +0 giant spiked club
Missiles
 L - 4 large rocks (quivered)
 N - 2 javelins of penetration
 V - 8 javelins
Armour
 b - a +0 shield
 J - a +0 troll leather armour (worn)
 Q - a +1 cloak (worn)
 T - a +0 cloak of invisibility
 U - a +1 hat of magic resistance (worn)
Jewellery
 n - a +3 amulet of reflection (around neck)
 r - a +3 ring of strength (left claw)
 t - an uncursed ring of fire
 y - an uncursed ring of ice
 z - a +4 ring of dexterity (right claw)
 B - a +4 ring of intelligence
 D - an uncursed ring of protection from magic
 E - an uncursed ring of protection from fire
 F - an uncursed ring of protection from fire
 I - the ring "Demonatu" {*Corrode rF+ Str+3 Int+3}
   (You found it on level 13 of the Dungeon)

   [ring of protection from fire]

   It affects your strength (+3).
   It affects your intelligence (+3).
   It protects you from fire.
   It may corrode you when you take damage.
 M - the ring "Paipes" {rF- rC+ rN+ Int+3}
   (You found it on level 13 of the Dungeon)

   [ring of positive energy]

   It affects your intelligence (+3).
   It makes you vulnerable to fire.
   It protects you from cold.
   It protects you from negative energy.
Wands
 A - a wand of lightning (13/15)
 S - a wand of acid (7/15)
Scrolls
 a - a scroll of enchant armour {unknown}
 g - a scroll of amnesia
 h - 3 scrolls of fog
 k - 7 scrolls of remove curse
 p - a scroll of teleportation
 W - 2 scrolls of recharging
Potions
 c - a potion of berserk rage
 e - 5 potions of brilliance
 f - 2 potions of lignification
 i - a potion of haste
 j - 5 potions of mutation
 m - 3 potions of curing
 o - a potion of magic
 s - a potion of cancellation {unknown}
 u - 6 potions of flight
 v - 2 potions of agility
 w - 3 potions of degeneration
 X - 2 potions of might
Books
 G - a book of the Sky

   Spells                             Type                      Level
   a - Summon Lightning Spire         Summoning/Air                4
   b - Silence                        Hexes/Air                    5
   c - Deflect Missiles               Charms/Air                   6
   d - Conjure Ball Lightning         Conjuration/Air              6
   e - Tornado                        Air                          9
 O - a book of Conjurations

   Spells                             Type                      Level
   a - Magic Dart                     Conjuration                  1
   b - Searing Ray                    Conjuration                  2
   c - Dazzling Spray                 Conjuration/Hexes            3
   d - Fulminant Prism                Conjuration/Hexes            4
   e - Force Lance                    Conjuration/Translocation    4
   f - Iskenderun's Mystic Blast      Conjuration                  4
 R - a book of Clouds

   Spells                             Type                      Level
   a - Poisonous Vapours              Poison/Air                   2
   b - Mephitic Cloud                 Conjuration/Poison/Air       3
   c - Conjure Flame                  Conjuration/Fire             3
   d - Freezing Cloud                 Conjuration/Ice/Air          6
   e - Ring of Flames                 Charms/Fire                  7
Comestibles
 d - 14 bread rations
 l - 9 royal jellies
 x - 7 meat rations
 C - 17 chunks of flesh
 K - 3 fruits


   Skills:
 + Level 10.6 Fighting
 + Level 6.2 Maces & Flails
 + Level 6.3 Throwing
 + Level 5.5 Armour
 + Level 6.2 Dodging
 + Level 6.1 Shields
 + Level 12.0 Unarmed Combat
 + Level 6.0 Invocations
 + Level 5.2 Evocations


You had 13 spell levels left.
You didn't know any spells.

Dungeon Overview and Level Annotations

Branches:
Dungeon (13/15)            Temple (0/1) D:6            Lair (0/6) D:10
    Orc (0/2) D:9
 Vaults: D:13-14

Altars:
Cheibriados
Fedhas
Makhleb
Nemelex Xobeh
Sif Muna
Trog
Vehumet
The Shining One

Shops:
D:4 =   D:8 *   D:13 %

Portals:
Trove: D:11 (give +2 gold dragon scales)


Innate Abilities, Weirdness & Mutations

You are too large for most types of armour.
You have claws for hands.
Your metabolism is lightning-fast.
You like to eat raw meat.
Your natural rate of healing is unusually fast.
You are covered in fur. (AC +1)
You have very tough skin. (AC +2)


Message History

You are too injured to fight recklessly!
You are too injured to fight recklessly!
You are too injured to fight recklessly!
You barely miss the tengu reaver.
The tengu reaver is moderately wounded.
You claw the tengu reaver!
The tengu reaver is heavily wounded.
The tengu reaver points at you and mumbles some strange words.
The bolt of poison hits you!
You are poisoned.
* * * LOW HITPOINT WARNING * * *
The battlesphere fires!
The barrage of energy hits you!
* * * LOW HITPOINT WARNING * * *
You scratch the tengu reaver.
The tengu reaver is heavily wounded.
You feel sick.
The tengu reaver points at you and mumbles some strange words.
The bolt of poison misses you.
The battlesphere fires!
The barrage of energy hits you!
You die...

###.# #.# ##### ###...#
#####<# #.... #...### #.....#
#.### #.### #.##### #.#..
##'######## ###'#######.#.#
#.........### #.........#.#.+
#.........Z.###.........#.#.#
#.........#QZ##.........#.#.#
#.........##@)#.........'.#.#
#.........###.'*....[>.)#.#D'
#.........#####.....[...#.#.#
#.........##............#.#..
####'#######.######'#####÷###
#.........# #.# #.###
##..#####..# #.#####.#.. ###
#...#)}}#8.# #....##.#..
..### #...#...)†.#
####.#..#.#


You could see a tengu reaver, a battlesphere, a bullfrog simulacrum and a
centaur warrior zombie.

Vanquished Creatures
  A sphinx (D:13)
  Gastronok (D:12)
  A fire giant (D:13)
  A frost giant (D:13)
  An ettin (D:13)
  Josephine (D:11)
  The ghost of GlassEater the Cruncher, a journeyman MiGl of Okawaru (D:9)
  4 hydras (D:13)
  3 centaur warriors (D:13)
  A deep troll earth mage (D:13)
  3 two-headed ogres
  2 thrashing horrors (Abyss:3)
  Urug (D:13)
  A deep elf knight (D:13)
  Sonja (D:12)
  A wretched star (Abyss:3)
  An unseen horror (D:10)
  2 unseen horrors (shapeshifter) (D:13)
  A skeletal warrior (D:13)
  5 ugly things
  A deep elf mage (D:13)
  A worldbinder (Abyss:3)
  3 manticores
  Maurice (D:12)
  3 gargoyles
  Psyche (D:9)
  A guardian serpent (shapeshifter) (D:13)
  A yaktaur (D:13)
  A kobold demonologist (D:12)
  A komodo dragon (D:12)
  3 trolls
  A meliai (D:13)
  A hornet (D:13)
  Prince Ribbit (D:6)
  6 hippogriffs
  A centaur simulacrum (D:13)
  A small abomination (D:9)
  3 hogs (D:7)
  3 vampires (D:13)
  A wyvern (D:10)
  Grum (D:11)
  8 wraiths
  A human (D:7)
  34 yaks
  A hungry ghost (D:13)
  Menkaure (D:6)
  A steam dragon (D:8)
  2 wargs (D:10)
  A large abomination (Abyss:3)
  A water moccasin (D:8)
  2 acid dragons
  A water moccasin (shapeshifter) (D:13)
  2 ice beasts
  5 black bears
  A hornet zombie (D:13)
  A necrophage (D:3)
  3 sky beasts
  2 eyes of draining
  4 orc warriors
  15 centaurs
  5 ogres
  4 phantoms
  2 wolves (D:11)
  9 bullfrogs
  6 scorpions
  A troll zombie (D:9)
  10 killer bees
  3 wights (D:8)
  4 jellies
  A howler monkey (D:4)
  2 centaur zombies
  4 crimson imps
  6 hounds
  11 orc priests
  An iron imp (D:5)
  10 orc wizards
  5 bullfrog skeletons
  3 iguanas
  Ijyb (D:3)
  10 worker ants
  Natasha (thrice) (D:4 D:8)
  A merfolk siren (Sewer)
  A merfolk avatar (Sewer)
  5 ogre zombies (D:9)
  4 worker ant zombies
  13 adders
  4 river rats
  A shadow imp (D:4)
  2 adder skeletons
  3 worms
  6 dart slugs
  5 leopard geckos
  38 orcs
  11 giant cockroaches
  7 goblins
  8 hobgoblins
  2 jackals (D:8)
  5 quokkas
  8 ball pythons
  11 bats
  14 frilled lizards
  3 goblin skeletons (D:9)
  4 goblin zombies
  5 hobgoblin zombies
  A jackal zombie (D:8)
  12 kobolds
  A kobold skeleton (D:5)
  5 orc skeletons
  12 orc zombies
  30 rats
478 creatures vanquished.

Vanquished Creatures (others)
  An orc (D:10)
1 creature vanquished.

Grand Total: 479 creatures vanquished

Notes
Turn   | Place    | Note
-------+----------+-------------------------------------------
     0 | D:1      | goregoyle the Troll Fighter began the quest for the Orb.
     0 | D:1      | Reached XP level 1. HP: 22/22 MP: 0/0
   176 | D:1      | Reached XP level 2. HP: 19/29 MP: 1/1
   681 | D:1      | Reached XP level 3. HP: 36/37 MP: 2/2
  1130 | D:2      | Reached skill level 3 in Unarmed Combat
  1260 | D:2      | Reached XP level 4. HP: 45/45 MP: 3/3
  1383 | D:2      | Found a bloodstained altar of Trog.
  1383 | D:2      | Found a blossoming altar of Fedhas.
  2209 | D:3      | Noticed Ijyb
  2219 | D:3      | Killed Ijyb
  2219 | D:3      | Reached XP level 5. HP: 54/54 MP: 4/4
  2472 | D:3      | Noticed a necrophage
  2477 | D:3      | Killed a necrophage
  2477 | D:3      | Reached skill level 4 in Unarmed Combat
  2578 | D:4      | Reached XP level 6. HP: 61/63 MP: 5/5
  2660 | D:4      | Found Dady's Jewellery Emporium.
  2757 | D:4      | Noticed Natasha
  2761 | D:4      | Killed Natasha
  3000 | D:4      | Found a radiant altar of Vehumet.
  3067 | D:4      | Reached skill level 5 in Unarmed Combat
  3119 | D:5      | Entered Level 5 of the Dungeon
  3236 | D:5      | Reached skill level 5 in Fighting
  3236 | D:5      | Reached XP level 7. HP: 53/72 MP: 6/6
  3287 | D:5      | Found a glowing golden altar of the Shining One.
  3322 | D:5      | Became a worshipper of the Shining One
  3752 | D:6      | Reached skill level 6 in Unarmed Combat
  3792 | D:6      | Noticed Prince Ribbit
  3801 | D:6      | Found a deep blue altar of Sif Muna.
  3805 | D:6      | Killed Prince Ribbit
  3938 | D:5      | Reached XP level 8. HP: 63/83 MP: 7/7
  3973 | D:6      | Noticed Menkaure
  3978 | D:6      | Killed Menkaure
  3978 | D:6      | Reached skill level 7 in Unarmed Combat
  3990 | D:6      | Found a sparkling altar of Nemelex Xobeh.
  4154 | D:6      | Found a glowing drain.
  4167 | Sewer    | Entered a sewer
  4711 | D:6      | Reached skill level 8 in Unarmed Combat
  4737 | D:6      | Found a staircase to the Ecumenical Temple.
  5451 | D:7      | Reached XP level 9. HP: 61/93 MP: 8/8
  5460 | D:7      | Reached * piety under the Shining One
  5629 | D:7      | Found a burning altar of Makhleb.
  6099 | D:7      | Reached skill level 9 in Unarmed Combat
  6112 | D:7      | HP: 4/97 [yak (9)]
  6516 | D:8      | Found a bloodstained altar of Trog.
  6529 | D:8      | Reached skill level 10 in Unarmed Combat
  6761 | D:8      | Noticed Natasha
  6764 | D:8      | Killed Natasha
  6917 | D:8      | Reached XP level 10. HP: 104/107 MP: 9/9
  7024 | D:8      | Reached ** piety under the Shining One
  7047 | D:8      | Reached skill level 1 in Throwing
  7080 | D:8      | Noticed Natasha
  7085 | D:8      | Killed Natasha
  7175 | D:8      | Reached skill level 1 in Armour
  7175 | D:8      | Reached skill level 1 in Evocations
  7224 | D:8      | Found Yjiastre's Assorted Antiques.
  7233 | D:8      | Reached skill level 1 in Maces & Flails
  7609 | D:8      | Reached skill level 1 in Invocations
  7757 | D:9      | Noticed GlassEater's ghost (journeyman MiGl)
  7762 | D:9      | Cast into level 3 of the Abyss (GlassEater's ghost)
  7766 | Abyss:3  | Noticed a worldbinder
  7776 | Abyss:3  | Noticed a thrashing horror
  7778 | Abyss:3  | Noticed a thrashing horror
  7786 | Abyss:3  | Killed a thrashing horror
  7794 | Abyss:3  | Killed a thrashing horror
  7861 | Abyss:3  | Noticed a wretched star
  7879 | Abyss:3  | Killed a wretched star
  7885 | Abyss:3  | Killed a worldbinder
  7902 | D:9      | Escaped the Abyss
  8305 | D:9      | Reached *** piety under the Shining One
  8322 | D:9      | Found a staircase to the Orcish Mines.
  8333 | D:9      | Reached XP level 11. HP: 63/103 MP: 8/10
  8355 | D:9      | Reached **** piety under the Shining One
  8781 | D:9      | Killed GlassEater's ghost
  8961 | D:9      | Noticed Psyche
  8971 | D:9      | Killed Psyche
  9250 | D:9      | Found a snail-covered altar of Cheibriados.
  9571 | D:10     | Entered Level 10 of the Dungeon
  9571 | D:10     | Reached ***** piety under the Shining One
  9849 | D:10     | Found a staircase to the Lair.
  9895 | D:10     | Reached skill level 11 in Unarmed Combat
 10129 | D:10     | Noticed an unseen horror
 10135 | D:10     | Killed an unseen horror
 10482 | D:11     | Found a blossoming altar of Fedhas.
 10577 | D:11     | Noticed Josephine
 10587 | D:11     | Killed Josephine
 10587 | D:11     | Reached XP level 12. HP: 126/126 MP: 13/13
 10714 | D:11     | Found a portal to a secret trove of treasure.
 10977 | D:11     | Noticed a two-headed ogre
 10984 | D:11     | Killed a two-headed ogre
 11085 | D:11     | Noticed Grum
 11092 | D:11     | Killed Grum
 11663 | D:11     | Reached skill level 5 in Dodging
 11721 | D:12     | Noticed Maurice
 11726 | D:12     | Killed Maurice
 11892 | D:12     | Noticed Gastronok
 11897 | D:12     | Killed Gastronok
 11897 | D:12     | Reached skill level 10 in Fighting
 11897 | D:12     | Reached skill level 5 in Shields
 12208 | D:12     | Noticed Sonja
 12214 | D:12     | Reached skill level 5 in Throwing
 12217 | D:12     | Killed Sonja
 12333 | D:12     | Found Xisk's Jewellery Boutique.
 12825 | D:13     | Reached skill level 5 in Maces & Flails
 12972 | D:13     | Reached XP level 13. HP: 129/133 MP: 15/15
 12982 | D:13     | Found a blossoming altar of Fedhas.
 12997 | D:13     | Found a runed door.
 13008 | D:13     | Reached ****** piety under the Shining One
 13217 | D:13     | Found Suzxossa's Food Shop.
 13259 | D:13     | Noticed Urug
 13272 | D:13     | Killed Urug
 13716 | D:13     | Reached skill level 5 in Invocations
 13718 | D:13     | Paralysed by a hornet for 1 turns
 14252 | D:13     | Noticed an ettin
 14256 | D:13     | Reached skill level 5 in Armour
 14263 | D:13     | Killed an ettin
 14480 | D:13     | Noticed a sphinx
 14490 | D:13     | HP: 6/135 [sphinx/divine providence (13)]
 14993 | D:13     | Killed a sphinx
 14993 | D:13     | Reached skill level 5 in Evocations
 15104 | D:13     | Noticed a fire giant
 15120 | D:13     | Killed a fire giant
 15120 | D:13     | Reached skill level 12 in Unarmed Combat
 15122 | D:13     | Noticed a frost giant
 15344 | D:13     | Killed a frost giant
 15583 | D:13     | Noticed a tengu reaver
 15664 | D:13     | Reached XP level 14. HP: 89/144 MP: 17/17
 15668 | D:13     | Got a serpentine turquoise ring
 15670 | D:13     | Got a glittering glass ring
 15679 | D:13     | Identified the ring "Demonatu" {*Corrode rF+ Str+3 Int+3} (You found it on level 13 of the Dungeon)
 15681 | D:13     | Identified the ring "Paipes" {rF- rC+ rN+ Int+3} (You found it on level 13 of the Dungeon)
 15736 | D:13     | HP: 4/144 [battlesphere[a tengu reaver] (10)]
 15737 | D:13     | Killed from afar by a battlesphere

Vault maps used:
D:1:      doesnt_arrival_goblin_jail
D:2:      grunt_temple_overflow_open, minmay_tromino_mix6
D:3:      uniq_iyjb
D:4:      cheibrodos_quashed, vehumet_crystals, serial_shops,
          nicolae_shop_crystal, first_bread, minmay_distorted, uniq_natasha
D:5:      nicolae_tso_besieged_by_evil
D:6:      nicolae_overflow_crystal_walls, minmay_temple_entry_overgrown,
          portal_sewer_entry_e, led_sif_book, uniq_prince_ribbit1, uniq_menkaure
D:7:      kennysheep_flooded_box, grunt_livestock, due_unseen_surprise
D:8:      serial_curves, eino_curves_04, eino_curves_04, serial_shops,
          kennysheep_mini_moat, bloody_trog
D:9:      kennysheep_little_box, zombieorc1_lemuel, uniq_psyche
D:10:     erik_lair_orcish_takeover
D:11:     nicolae_trove_entry_crossroad, fedhas_altar_2, uniq_josephine,
          uniq_grum
D:12:     serial_shops, shop_statue, uniq_gastronok, uniq_sonja, uniq_maurice
D:13:     serial_shops, nicolae_shop_crystal, basic_altar, minmay_st_funbox,
          minmay_the_grid_3x2, uniq_urug
Sewer:    sewer_sea

Skill      XL: |  1  2  3  4  5  6  7  8  9 10 11 12 13 |
---------------+----------------------------------------+-----
Fighting       | 3 4 5 6 7 9 10 | 10.6
Unarmed Combat | 3 4 5 6 8 10 11 12 | 12.0
Throwing       | 2 3 5 6 |  6.3
Armour         | 2 3 4 5 |  5.5
Evocations     | 2 3 4 5 |  5.2
Maces & Flails | 2 4 5 6 |  6.2
Invocations    | 2 3 4 6 |  6.0
Dodging        | 3 4 5 6 |  6.2
Shields        | 3 4 5 6 |  6.1

Action                   |  1- 3 |  4- 6 |  7- 9 | 10-12 | 13-15 || total
-------------------------+-------+-------+-------+-------+-------++-------
Melee: Unarmed           |   121 |   152 |   280 |   532 |   152 ||  1237
       Punch             |       |     4 |     6 |    35 |     8 ||    53
       Giant spiked club |       |       |       |       |    16 ||    16
Throw: Large rock        |       |       |       |     4 |     7 ||    11
       Javelin           |       |       |       |     2 |       ||     2
Evoke: Wand              |       |       |       |       |     2 ||     2
  Use: Scroll            |     5 |     9 |     4 |    13 |     8 ||    39
       Potion            |       |       |     2 |     3 |     6 ||    11
 Stab: Sleeping          |     1 |       |       |       |       ||     1
  Eat: Chunk             |    17 |    18 |    34 |    57 |    30 ||   156
Armor: Robe              |    42 |    59 |    66 |    36 |       ||   203
       Skin              |       |       |       |    22 |       ||    22
       Troll leather arm |       |       |       |    58 |    73 ||   131
Dodge: Dodged            |    74 |    64 |   111 |   252 |   119 ||   620
Block: Other             |       |     8 |    19 |    52 |    24 ||   103
       Reflection        |       |     1 |       |     5 |     2 ||     8
